 Dungeon Crawl Stone Soup version 0.32-a0-516-g94ed278cf8 (webtiles) character file.

Game seed: 17603536097848434777

302 GordonOverkill the Chopper (level 6, -1/48 HPs)
             Began as a Coglin Delver on Feb 27, 2024.
             Succumbed to an orc wizard's poison
             ... on level 4 of the Dungeon.
             The game lasted 00:06:18 (2406 turns).

GordonOverkill the Chopper (Coglin Delver)          Turns: 2406, Time: 00:06:19

Health: -1/48      AC: 10    Str: 12 (14) XL:     6   Next: 37%
Magic:  6/6        EV:  6    Int:  9 (10) God:
Gold:   154        SH:  0    Dex: 14 (15) Spells: 5/5 levels left

rFire   . . .        a - +0 hand axe {Eunkyung}
rCold   . . .        k - +0 trident {Tiedemann}
rNeg    . . .        l - +0 chain mail
rPois   .            (no helmet)
rElec   .            (no cloak)
rCorr   .            j - +1 pair of gloves
SInv    .            (no boots)
Will    .....        (no amulet) Stlth
                     (ring unavailable)
HPRegen 0.28/turn    (ring unavailable)
MPRegen 0.10/turn

%: no passive effects
@: confused, lethally poisoned (-1 -> -31), on berserk cooldown, slowed, revved,
very slow
A: off-hand wielding, slow wielding, warmup strikes, no rings
a: no special abilities


You were on level 4 of the Dungeon.
You visited 1 branch of the dungeon, and saw 6 of its levels.

You collected 154 gold pieces.

Inventory:

Hand Weapons
 a - a +0 hand axe (weapon) {Eunkyung}
 k - a +0 trident (offhand) {Tiedemann}
Missiles
 m - 3 javelins (quivered)
Armour
 j - a +1 pair of gloves (worn)
 l - a +0 chain mail (worn)
Jewellery
 r - an amulet of guardian spirit
Wands
 g - a wand of digging (3)
Scrolls
 b - a scroll of vulnerability {unknown}
 c - 2 scrolls of fog
 d - 2 scrolls of revelation
 h - a scroll of fear
 n - a scroll of teleportation {unknown}
 o - a scroll of acquirement {unknown}
 p - 3 scrolls of poison {unknown}
 t - a scroll of identify {unknown}
 v - 2 scrolls of blinking {unknown}
Potions
 e - 2 potions of degeneration
 f - a potion of haste
 i - a potion of curing {unknown}
 q - a potion of berserk rage
 s - a potion of attraction {unknown}
 u - a potion of might {unknown}


   Skills:
 + Level 4.0 Fighting
 - Level 6.0 Axes
 - Level 1.7 Dodging
 - Level 4.1 Stealth


You had 5 spell levels left.
You didn't know any spells.
Your spell library contained the following spells:

 Spells                   Type           Power      Damage    Failure   Level
 Scorch                   Fire           0%         2d5       100%        2
 Flame Wave               Conj/Fire      0%         2d4       100%        4
 Vhi's Electric Charge    Tloc/Air       0%         N/A       100%        4
 Arcjolt                  Conj/Air       0%         1d10      100%        5
 Plasma Beam              Fire/Air       0%         2x1d10    100%        6
 Summon Cactus Giant      Summ           0%         N/A       100%        6


Dungeon Overview and Level Annotations

Branches:
Dungeon (6/15)
 Temple: D:4-7

Altars:
Okawaru

Annotations:
D:5 2 transporters


Innate Abilities, Weirdness & Mutations

You can wield a second weapon in your off-hand.
It takes a long time for you to wield or remove held weapons.
Your first few attacks do less damage.
Your grasper-arms cannot wear rings.


Message History

You feel very sick. Something hits you but does no damage. Something hits you.
* * * LOW HITPOINT WARNING * * *
You are lethally poisoned!
It was a potion of berserk rage.
A red film seems to cover your vision as you go berserk!
You feel yourself moving faster!
You feel mighty!
* * * LOW HITPOINT WARNING * * *
You feel very sick.
Something hits you but does no damage. x2
You are lethally poisoned!
You closely miss something with your +0 trident.
You miss something with your +0 hand axe. x2
* * * LOW HITPOINT WARNING * * *
You feel very sick. Something hits you but does no damage.
* * * LOW HITPOINT WARNING * * *
You feel very sick. Something hits you but does no damage.
You feel a strong urge to attack something.
* * * LOW HITPOINT WARNING * * *
You feel very sick. Something hits you but does no damage.
You are more poisoned.
Found a scroll labelled ECAEME SECOE.
* * * LOW HITPOINT WARNING * * *
You feel very sick.
You hear some strange, mumbled words.
You are more confused.
You feel your anger nearly subside.
* * * LOW HITPOINT WARNING * * *
You feel very sick. Something hits you but does no damage.
You are more poisoned.
You completely miss something with your +0 hand axe. x2
You miss something with your +0 trident.
You are no longer berserk.
You are exhausted.
You feel yourself slow down.
You die...

# #.#.## ### #.#..# #..
##.##.## #.# ##..#...####
#.# ##.....#....### #.#
......#####...####.##
##...## ###.....).## ##..#
###).{:..## ##.#
##.@.....# #.# #........#
# #.# #.....!..# ####.##
#...........
......#####....#..........
..<..........#...[......$.
.......#####..(...........
..#.#.####................
.............## .?.....


There were no monsters in sight!

Vanquished Creatures
  A bombardier beetle (D:4)
  An orc priest (D:3)
  A sleepcap (D:3)
  Natasha (D:2)
  8 gnolls
  4 adders
  4 dart slugs
  5 orcs
  4 ball pythons
  4 endoplasms
  3 giant cockroaches
  3 hobgoblins
  9 jackals
  2 kobolds
  4 quokkas
  4 bats
  7 goblins
  4 rats
69 creatures vanquished.

Notes
Turn   | Place    | Note
-------+----------+-------------------------------------------
     0 | D:5      | GordonOverkill the Coglin Delver began the quest for the
                  | Orb.
     0 | D:5      | Reached XP level 1. HP: 18/18 MP: 1/1
     1 | D:6      | Noticed a hound
    37 | D:5      | Noticed a gnoll bouda
    46 | D:5      | Found a transporter.
    46 | D:5      | Found a transporter.
    52 | D:5      | Noticed a gnoll sergeant
   136 | D:3      | Reached XP level 2. HP: 24/24 MP: 2/2
   182 | D:3      | Reached skill level 3 in Axes
   561 | D:1      | Reached XP level 3. HP: 29/29 MP: 3/3
   693 | D:2      | Found an iron altar of Okawaru.
   924 | D:2      | Reached skill level 4 in Axes
  1113 | D:2      | Noticed Natasha
  1118 | D:2      | Killed Natasha
  1119 | D:2      | Reached XP level 4. HP: 35/35 MP: 4/4
  1211 | D:3      | Reached skill level 5 in Axes
  1211 | D:3      | Reached XP level 5. HP: 13/41 MP: 5/5
  2049 | D:3      | Reached skill level 6 in Axes
  2076 | D:4      | Reached XP level 6. HP: 47/47 MP: 6/6
  2406 | D:4      | Succumbed to an orc wizard's poison

Illustrated notes

Levels and vault maps discovered:
D:1:      roderic_crop_circles_arrival_small, layout_rooms
D:2:      layout_rooms, basic_altar, cheibrodos_gnoll_hut, uniq_natasha
D:3:      layout_loops_ring, minmay_misc_feat_encased,
          kennysheep_generic_room_10
D:4:      cheibrodos_barr_body, layout_rooms
D:5:      layout_loops_cross, gammafunk_ghost_gnarly_gnolls
D:6:      layout_cave_pools, elyvilon_altar_1, minivault_11,
          dreamdust_mushroom_princess, uniq_sigmund

Skill      XL: |  1  2  3  4  5  6 |
---------------+-------------------+-----
Axes           | 3 4 5 6 |  6.0
Fighting       | 4 |  4.0
Dodging        | |  1.7
Stealth        | |  4.1

Action                     |  1- 3 |  4- 6 || total
---------------------------+-------+-------++-------
  Melee: Hand axe          |    51 |    98 ||   149
         Trident           |    51 |   110 ||   161
    Use: Potion            |       |     2 ||     2
   Stab: Sleeping          |     1 |       ||     1
 Armour: Leather armour    |     5 |       ||     5
         Chain mail        |    34 |   107 ||   141
  Dodge: Dodged            |    25 |    31 ||    56
         Repelled          |       |     1 ||     1

Table legend: (Time is in decaauts)
 A = Elapsed time spent in this place.
 B = Non-inter-level travel time spent in this place.
 C = Inter-level travel time spent in this place.
 D = Time resting spent in this place.
 E = Time spent auto-exploring this place.
 F = Levels seen in this place.
 G = Mean time per level.
                   A        B        C        D        E       F      G
               +--------+--------+--------+--------+--------+-----+--------+
         Total |   2427 |   2334 |     93 |    283 |   1281 |   6 |  404.5 |
       Dungeon |   2427 |   2334 |     93 |    283 |   1281 |   6 |  404.5 |
               +--------+--------+--------+--------+--------+-----+--------+

Top non-repeatable levels by time:
     D:3: 944 daAuts
     D:2: 543 daAuts
     D:1: 452 daAuts
     D:4: 404 daAuts
     D:5: 80 daAuts
     D:6: 1 daAuts
